Flyers vs Jets
(R1)
Created - March 28, 2021 at 20:07
Goals
|
Flyers |
1 |
2 |
2 |
5 |
Jets |
1 |
2 |
0 |
3 |
|
Shots
|
Flyers |
10 |
17 |
6 |
33 |
Jets |
9 |
9 |
12 |
30 |
|
1st period
1. Jets , Miro Aaltonen 5 (Erik Haula 21, Tyler Myers 28) at 7:28
2. Flyers , Jonathan Ericsson 4 (Erik Christensen 14, Niclas Bergfors 20) at 13:42
Penalties :
Ronalds Kenins (Win) for Interference (Minor) at 7:55, Erik Christensen (Phi) for Tripping (Minor) at 18:26
2nd period
3. Jets , Ronalds Kenins 13 (Nino Niederreiter 35) at 1:20
4. Flyers , Jordan Nolan 27 (Jakub Voracek 43, Nathan Beaulieu 12) at 2:26 (PP)
5. Flyers , Jordan Nolan 28 (Jakub Voracek 44, Jeff Woywitka 20) at 12:26
6. Jets , Adam Henrique 28 (Dougie Hamilton 16, Derek Stepan 33) at 13:45 (PP)
Penalties :
Corey Perry (Win) for Interference (Minor) at 1:35, Jordan Nolan (Phi) for Hooking (Minor) at 13:07, Corey Perry (Win) for Tripping (Minor) at 13:52
3rd period
7. Flyers , Jacob Trouba 3 (Nathan Beaulieu 13, Ilya Sorokin) at 19:16 (PP)
8. Flyers , Niclas Bergfors 19 (Drew Miller 30, Brian Lashoff 7) at 19:32
Penalties :
Erik Haula (Win) for Hooking (Minor) at 2:47, Jeff Carter (Phi) for Roughing (Minor) at 7:03, Jonathan Ericsson (Phi) for Tripping (Minor) at 14:45, Derek Stepan (Win) for Hooking (Minor) at 17:51
Goalie Stats
Ilya Sorokin (Phi), 27 saves from 30 shots - (0.900), W, 2-0-0, 60:00 minutes
Jacob Markstrom (Win), 28 saves from 33 shots - (0.848), L, 16-20-4, 60:00 minutes
Players Stats for Flyers
Player Name G A P +/- PIM S H SB GA TA FO MP PP MP PK MP
------------------------------------------------------------------------------------
Brian Lashoff 0 1 1 1 0 1 2 0 0 1 0/0 17:02 0:00 2:53
Brock Nelson 0 0 0 1 0 1 1 0 1 0 0/1 12:18 0:00 0:00
Chris Mcallister 0 0 0 0 0 3 1 0 0 0 1/1 12:24 0:36 3:24
Drew Miller 0 1 1 0 0 2 2 1 0 0 0/0 18:37 3:38 3:11
Erik Christensen 0 1 1 -1 2 1 0 0 0 0 4/10 13:03 0:17 0:48
J.T. Miller 0 0 0 0 0 5 1 0 0 0 2/2 16:41 3:59 0:00
Jacob Trouba 1 0 1 1 0 4 1 0 0 0 0/0 26:08 5:15 2:53
Jakub Voracek 0 2 2 1 0 2 1 3 0 0 1/1 16:15 3:54 0:00
Jeff Carter 0 0 0 0 2 3 2 0 0 0 6/15 16:44 4:02 0:00
Jeff Woywitka 0 1 1 0 0 0 0 2 0 1 0/0 22:51 2:46 3:42
Jonathan Ericsson 1 0 1 0 2 3 0 2 0 1 0/0 21:50 3:56 1:47
Jordan Nolan 2 0 2 1 2 2 3 1 0 1 10/17 18:29 3:54 2:24
Marcus Kruger 0 0 0 0 0 2 2 0 0 0 0/0 16:31 4:02 0:00
Matt Smaby 0 0 0 0 0 1 1 0 0 2 0/0 13:55 0:12 0:00
Matthew Lombardi 0 0 0 1 0 1 0 0 0 0 2/7 11:51 0:00 3:23
Nathan Beaulieu 0 2 2 0 0 0 0 2 0 0 0/0 18:19 4:17 1:55
Niclas Bergfors 1 1 2 0 0 2 6 0 1 0 0/1 12:11 0:17 0:00
Ryan Callahan 0 0 0 0 0 0 1 0 0 0 0/0 8:12 0:00 0:00
Players Stats for Jets
Player Name G A P +/- PIM S H SB GA TA FO MP PP MP PK MP
------------------------------------------------------------------------------------
Adam Henrique 1 0 1 -2 0 1 0 0 1 0 0/0 18:41 2:57 0:00
Corey Perry 0 0 0 -1 4 6 2 0 0 0 0/0 19:19 2:56 0:00
Derek Stepan 0 1 1 0 2 2 2 0 2 0 6/9 14:18 3:13 0:00
Dougie Hamilton 0 1 1 0 0 1 0 4 0 0 0/0 19:21 2:40 5:05
Erik Haula 0 1 1 0 2 1 0 0 1 0 0/0 15:05 0:16 2:27
Jimmy Vesey 0 0 0 0 0 0 0 0 0 0 0/0 1:06 0:17 0:00
Marco Scandella 0 0 0 0 0 2 1 2 0 0 0/0 21:30 2:40 3:08
Marcus Johansson 0 0 0 0 0 0 3 1 0 0 0/0 15:08 3:22 0:43
Michael Matheson 0 0 0 0 0 0 0 0 0 1 0/0 12:26 0:00 0:41
Miro Aaltonen 1 0 1 0 0 3 1 0 0 0 0/1 11:46 0:00 0:00
Nino Niederreiter 0 1 1 0 0 3 1 2 1 0 0/1 22:37 3:22 3:14
Noel Acciari 0 0 0 1 0 1 1 0 0 0 8/15 12:14 0:35 4:58
Robert Hagg 0 0 0 0 0 1 1 0 0 0 0/0 14:54 0:00 0:00
Ronalds Kenins 1 0 1 1 2 2 0 0 0 0 1/2 10:06 0:00 3:30
Ryan Johansen 0 0 0 -2 0 5 3 1 1 0 14/27 19:36 2:47 1:34
Tyler Myers 0 1 1 -1 0 1 3 0 0 0 0/0 26:12 3:55 4:24
Victor Hedman 0 0 0 -1 0 1 1 4 0 1 0/0 25:37 3:55 3:08
Vince Hinostroza 0 0 0 0 0 0 0 0 0 0 0/0 11:46 0:00 0:00
3 Stars
1 - Jordan Nolan (Phi)
2 - Niclas Bergfors (Phi)
3 - Jakub Voracek (Phi)
Power Play
Flyers - 2 on 5 Attempt(s) - 40.00%
Jets - 1 on 4 Attempt(s) - 25.00%
Penalty Kill
Flyers - 3 on 4 Attempt(s) - 75.00%
- Score 0 goal in Penalty Kill
Jets - 3 on 5 Attempt(s) - 60.00%
- Score 0 goal in Penalty Kill
Team Stat
Flyers - Hits : 24 - Faceoff Wins : 26 - Blocked Shots : 11 - Penalty Minutes : 8
Jets - Hits : 19 - Faceoff Wins : 29 - Blocked Shots : 14 - Penalty Minutes : 10
Official
Referees : Unknown
Linesman : Unknown
Game Notes
No Game Note
Finance
Level 1 -- Attendance: 6000 (100.00%) -- Ticket Income $630,000
Level 2 -- Attendance: 5000 (100.00%) -- Ticket Income $325,000
Level 3 -- Attendance: 1938 (96.90%) -- Ticket Income $81,396
Level 4 -- Attendance: 4000 (100.00%) -- Ticket Income $96,000
Luxury Box -- Attendance: 1000 (100.00%) -- Ticket Income $182,000
Game was played at the MTS Center.
Total Attendance: 17938 (99.66%)
Total Ticket Income: $1,314,396
Other Income: $197,159
Total Income: $1,511,555
Flyers
5 vs 5 Forward
Center Left Wing Right Wing Time % Phy DF OF
1 Jeff Carter J.T. Miller Marcus Kruger 33 0 1 4
2 Jordan Nolan Brock Nelson Jakub Voracek 32 0 1 4
3 Erik Christensen Drew Miller Niclas Bergfors 25 0 2 3
4 Matthew Lombardi Chris Mcallister Ryan Callahan 10 0 4 1
5 vs 5 Defense
Defense Defense Time % Phy DF OF
1 Jacob Trouba Jonathan Ericsson 30 1 3 1
2 Jeff Woywitka Nathan Beaulieu 30 1 3 1
3 Brian Lashoff Matt Smaby 30 1 3 1
4 Jacob Trouba Jeff Woywitka 10 1 3 1
PowerPlay Forward
Center Left Wing Right Wing Time % Phy DF OF
1 Jeff Carter J.T. Miller Marcus Kruger 50 0 1 4
2 Jordan Nolan Drew Miller Jakub Voracek 50 0 1 4
PowerPlay Defense
Defense Defense Time % Phy DF OF
1 Jacob Trouba Nathan Beaulieu 50 0 2 3
2 Jonathan Ericsson Jeff Woywitka 50 0 2 3
Penalty Kill 4 Players Forward
Center Wing Time % Phy DF OF
1 Matthew Lombardi Chris Mcallister 50 0 4 1
2 Jordan Nolan Drew Miller 50 0 4 1
Penalty Kill 4 Players Defense
Defense Defense Time % Phy DF OF
1 Jacob Trouba Brian Lashoff 50 1 4 0
2 Jeff Woywitka Jonathan Ericsson 50 1 4 0
Penalty Kill - 3 Players Forward
Forward Time % Phy DF OF
1 Matthew Lombardi 50 0 4 1
2 Jordan Nolan 50 0 4 1
Penalty Kill - 3 Players Defense
Defense Defense Time % Phy DF OF
1 Jacob Trouba Brian Lashoff 50 1 4 0
2 Jeff Woywitka Jonathan Ericsson 50 1 4 0
4 vs 4 Forward
Center Wing Time % Phy DF OF
1 Jeff Carter J.T. Miller 50 0 2 3
2 Jordan Nolan Jakub Voracek 50 0 2 3
4 vs 4 Defense
Defense Defense Time % Phy DF OF
1 Jacob Trouba Nathan Beaulieu 50 1 3 1
2 Jeff Woywitka Jonathan Ericsson 50 1 3 1
Last Minutes Offensive
Center Left Wing Right Wing Defense Defense
Jeff Carter J.T. Miller Jakub Voracek Jacob Trouba Jeff Woywitka
Last Minutes Defensive
Center Left Wing Right Wing Defense Defense
Matthew Lombardi Drew Miller Niclas Bergfors Jacob Trouba Brian Lashoff
Goaltenders
Starting : Ilya Sorokin
Backup : Steve Mason
Extra Forwards
Normal : Jeff Carter, Jordan Nolan, Drew Miller - PP : Jeff Carter, Jordan Nolan - PK : Drew Miller
Extra Defensemen
Normal : Jacob Trouba, Jeff Woywitka, Jonathan Ericsson - PP : Jacob Trouba - PK : Jacob Trouba, Jeff Woywitka
Penalty Shots
Jeff Carter, Jordan Nolan, J.T. Miller, Marcus Kruger, Jakub Voracek
Scratches
Ray Emery (Healthy)
Jets
5 vs 5 Forward
Center Left Wing Right Wing Time % Phy DF OF
1 Ryan Johansen Adam Henrique Corey Perry 39 1 2 2
2 Derek Stepan Marcus Johansson Nino Niederreiter 30 1 2 2
3 Miro Aaltonen Erik Haula Vince Hinostroza 18 1 2 2
4 Noel Acciari Ronalds Kenins Nino Niederreiter 13 1 2 2
5 vs 5 Defense
Defense Defense Time % Phy DF OF
1 Victor Hedman Tyler Myers 40 1 2 2
2 Robert Hagg Marco Scandella 35 1 2 2
3 Dougie Hamilton Michael Matheson 25 0 2 3
4 Victor Hedman Marco Scandella 0 1 2 2
PowerPlay Forward
Center Left Wing Right Wing Time % Phy DF OF
1 Ryan Johansen Marcus Johansson Nino Niederreiter 55 1 0 4
2 Derek Stepan Adam Henrique Corey Perry 45 1 0 4
PowerPlay Defense
Defense Defense Time % Phy DF OF
1 Victor Hedman Tyler Myers 60 0 1 4
2 Dougie Hamilton Marco Scandella 40 0 1 4
Penalty Kill 4 Players Forward
Center Wing Time % Phy DF OF
1 Noel Acciari Ronalds Kenins 60 1 3 1
2 Erik Haula Nino Niederreiter 40 1 3 1
Penalty Kill 4 Players Defense
Defense Defense Time % Phy DF OF
1 Dougie Hamilton Tyler Myers 60 1 4 0
2 Victor Hedman Marco Scandella 40 1 4 0
Penalty Kill - 3 Players Forward
Forward Time % Phy DF OF
1 Erik Haula 60 1 2 2
2 Nino Niederreiter 40 1 2 2
Penalty Kill - 3 Players Defense
Defense Defense Time % Phy DF OF
1 Tyler Myers Dougie Hamilton 60 1 2 2
2 Marco Scandella Victor Hedman 40 1 2 2
4 vs 4 Forward
Center Wing Time % Phy DF OF
1 Ryan Johansen Adam Henrique 60 1 2 2
2 Derek Stepan Nino Niederreiter 40 1 2 2
4 vs 4 Defense
Defense Defense Time % Phy DF OF
1 Dougie Hamilton Tyler Myers 60 1 2 2
2 Victor Hedman Marco Scandella 40 1 2 2
Last Minutes Offensive
Center Left Wing Right Wing Defense Defense
Ryan Johansen Adam Henrique Nino Niederreiter Victor Hedman Tyler Myers
Last Minutes Defensive
Center Left Wing Right Wing Defense Defense
Ryan Johansen Erik Haula Nino Niederreiter Marco Scandella Tyler Myers
Goaltenders
Starting : Jacob Markstrom
Backup : Jonathan Bernier
Extra Forwards
Normal : Nino Niederreiter, Corey Perry, Adam Henrique - PP : Nino Niederreiter, Corey Perry - PK : Nino Niederreiter
Extra Defensemen
Normal : Victor Hedman, Marco Scandella, Dougie Hamilton - PP : Tyler Myers - PK : Michael Matheson, Marco Scandella
Penalty Shots
Nino Niederreiter, Corey Perry, Adam Henrique, Ryan Johansen, Erik Haula
Scratches
None
% Time on Ice - Flyers
Lines # - Real PCT - Wanted PCT - Time Play
Normal Forward
1 - 28% - 33% - 12:35
2 - 28% - 32% - 12:31
3 - 26% - 25% - 11:38
4 - 18% - 10% - 8:12
Normal Defense
1 - 31% - 30% - 13:48
2 - 31% - 30% - 14:09
3 - 31% - 30% - 13:43
4 - 7% - 10% - 3:16
PP Forward
1 - 49% - 50% - 4:02
2 - 51% - 50% - 4:11
PP Defense
1 - 54% - 50% - 4:28
2 - 46% - 50% - 3:45
PK Forward
1 - 52% - 50% - 3:24
2 - 48% - 50% - 3:11
PK Defense
1 - 44% - 50% - 2:53
2 - 56% - 50% - 3:42
PK3 Forward
1 - 0% - 50%
2 - 0% - 50%
PK3 Defense
1 - 0% - 50%
2 - 0% - 50%
44 Forward
1 - 0% - 50%
2 - 0% - 50%
44 Defense
1 - 0% - 50%
2 - 0% - 50%
Last Minute Offensive - 0:00
Last Minute Defensive - 0:16
Total
Forward - 60:00
Defense - 60:00
|
% Time on Ice - Jets
Lines # - Real PCT - Wanted PCT - Time Play
Normal Forward
1 - 34% - 39% - 15:19
2 - 26% - 30% - 11:52
3 - 26% - 18% - 11:46
4 - 13% - 13% - 5:59
Normal Defense
1 - 38% - 40% - 17:15
2 - 36% - 35% - 16:10
3 - 25% - 25% - 11:17
4 - 1% - 0% - 0:14
PP Forward
1 - 51% - 55% - 3:22
2 - 49% - 45% - 3:13
PP Defense
1 - 59% - 60% - 3:55
2 - 41% - 40% - 2:40
PK Forward
1 - 79% - 60% - 6:29
2 - 21% - 40% - 1:44
PK Defense
1 - 62% - 60% - 5:05
2 - 38% - 40% - 3:08
PK3 Forward
1 - 0% - 60%
2 - 0% - 40%
PK3 Defense
1 - 0% - 60%
2 - 0% - 40%
44 Forward
1 - 0% - 60%
2 - 0% - 40%
44 Defense
1 - 0% - 60%
2 - 0% - 40%
Last Minute Offensive - 0:16
Last Minute Defensive - 0:00
Total
Forward - 60:00
Defense - 60:00
|
Play-by-Play
1st period
0:01 of 1st period - J.T. Miller wins face-off versus Ryan Johansen in neutral zone.
0:06 of 1st period - Tyler Myers is hit by Marcus Kruger and loses puck.
0:27 of 1st period - Jakub Voracek is hit by Tyler Myers and loses puck.
0:36 of 1st period - Slapshot by Jacob Trouba.
0:36 of 1st period - Stopped by Jacob Markstrom with a rebound.
1:56 of 1st period - Slapshot by Erik Haula.
1:56 of 1st period - Stopped by Ilya Sorokin without a rebound.
1:57 of 1st period - Erik Christensen wins face-off versus Derek Stepan in Flyers zone.
2:06 of 1st period - Nino Niederreiter is hit by Niclas Bergfors and loses puck.
2:11 of 1st period - Snap shot by Erik Christensen.
2:11 of 1st period - Shot Blocked by Dougie Hamilton.
2:25 of 1st period - Slapshot by Jakub Voracek.
2:25 of 1st period - Shot Misses the Net.
2:27 of 1st period - Snap shot by Matt Smaby.
2:27 of 1st period - Stopped by Jacob Markstrom without a rebound.
2:28 of 1st period - Ryan Johansen wins face-off versus Jeff Carter in Jets zone.
2:41 of 1st period - Snap shot by Jeff Carter.
2:41 of 1st period - Stopped by Jacob Markstrom without a rebound.
2:42 of 1st period - Noel Acciari wins face-off versus Jordan Nolan in Jets zone.
2:56 of 1st period - Snap shot by Noel Acciari.
2:56 of 1st period - Shot Blocked by Jeff Woywitka.
2:58 of 1st period - Snap shot by Nino Niederreiter.
2:58 of 1st period - Deflect By Jordan Nolan.
2:58 of 1st period - Shot Misses the Net.
2:58 of 1st period - Puck is out of play.
2:59 of 1st period - Chris Mcallister wins face-off versus Miro Aaltonen in Flyers zone.
3:59 of 1st period - Derek Stepan is hit by Matt Smaby.
4:29 of 1st period - Wrist shot by Jeff Carter.
4:29 of 1st period - Stopped by Jacob Markstrom with a rebound.
4:53 of 1st period - Snap shot by J.T. Miller.
4:53 of 1st period - Stopped by Jacob Markstrom without a rebound.
4:54 of 1st period - Ryan Johansen wins face-off versus Erik Christensen in Jets zone.
5:11 of 1st period - Backhand shot by Niclas Bergfors.
5:11 of 1st period - Shot Blocked by Victor Hedman.
7:28 of 1st period - Wrist shot by Miro Aaltonen.
7:28 of 1st period - Deflect By Jeff Woywitka.
7:28 of 1st period - Goal by Miro Aaltonen - Flyers : 0 - Jets : 1.
7:29 of 1st period - Jordan Nolan wins face-off versus Ryan Johansen in neutral zone.
7:55 of 1st period - Minor Penalty to Ronalds Kenins for Interference.
7:56 of 1st period - Jeff Carter wins face-off versus Noel Acciari in Jets zone.
8:02 of 1st period - Wrist shot by Marcus Kruger.
8:02 of 1st period - Shot Blocked by Nino Niederreiter.
8:04 of 1st period - Snap shot by Marcus Kruger.
8:04 of 1st period - Shot Blocked by Dougie Hamilton.
8:06 of 1st period - Snap shot by J.T. Miller.
8:06 of 1st period - Stopped by Jacob Markstrom without a rebound.
8:07 of 1st period - Jeff Carter wins face-off versus Noel Acciari in Jets zone.
8:20 of 1st period - Snap shot by Marcus Kruger.
8:20 of 1st period - Deflect By J.T. Miller.
8:20 of 1st period - Shot Misses the Net.
8:20 of 1st period - Puck is out of play.
8:21 of 1st period - Noel Acciari wins face-off versus Jeff Carter in Jets zone.
8:34 of 1st period - Wrist shot by Jeff Carter.
8:34 of 1st period - Shot Hit the Post.
8:36 of 1st period - Slapshot by Jonathan Ericsson.
8:36 of 1st period - Stopped by Jacob Markstrom with a rebound.
8:38 of 1st period - Slapshot by Jonathan Ericsson.
8:38 of 1st period - Stopped by Jacob Markstrom with a rebound.
8:54 of 1st period - Marco Scandella is hit by Drew Miller and loses puck.
9:11 of 1st period - Tyler Myers is hit by Marcus Kruger and loses puck.
9:55 of 1st period - Penalty to Ronalds Kenins is over, Ronalds Kenins is back on ice.
10:07 of 1st period - Chris Mcallister is hit by Robert Hagg and loses puck.
10:12 of 1st period - Snap shot by Adam Henrique.
10:12 of 1st period - Shot Misses the Net.
10:14 of 1st period - Slapshot by Marco Scandella.
10:14 of 1st period - Stopped by Ilya Sorokin with a rebound.
10:26 of 1st period - Slapshot by Miro Aaltonen.
10:26 of 1st period - Shot Misses the Net.
10:28 of 1st period - Snap shot by Erik Haula.
10:28 of 1st period - Deflect By Miro Aaltonen.
10:28 of 1st period - Stopped by Ilya Sorokin with a rebound.
10:43 of 1st period - Snap shot by Chris Mcallister.
10:43 of 1st period - Shot Blocked by Nino Niederreiter.
11:17 of 1st period - Wrist shot by Derek Stepan.
11:17 of 1st period - Shot Misses the Net.
11:32 of 1st period - Derek Stepan is hit by Chris Mcallister and loses puck.
11:48 of 1st period - Off-side.
11:49 of 1st period - Ryan Johansen wins face-off versus Jordan Nolan in neutral zone.
11:54 of 1st period - Slapshot by Adam Henrique.
11:54 of 1st period - Shot Blocked by Jakub Voracek.
11:56 of 1st period - Slapshot by Michael Matheson.
11:56 of 1st period - Shot Misses the Net.
11:58 of 1st period - Wrist shot by Ryan Johansen.
11:58 of 1st period - Stopped by Ilya Sorokin with a rebound.
12:00 of 1st period - Slapshot by Dougie Hamilton.
12:00 of 1st period - Deflect By Corey Perry.
12:00 of 1st period - Deflect By Matt Smaby.
12:00 of 1st period - Stopped by Ilya Sorokin with a rebound.
13:07 of 1st period - Snap shot by Miro Aaltonen.
13:07 of 1st period - Stopped by Ilya Sorokin with a rebound.
13:25 of 1st period - Off-side.
13:26 of 1st period - Ryan Johansen wins face-off versus Erik Christensen in neutral zone.
13:35 of 1st period - Ryan Johansen is hit by Jacob Trouba and loses puck.
13:40 of 1st period - Wrist shot by Erik Christensen.
13:40 of 1st period - Shot Blocked by Victor Hedman.
13:42 of 1st period - Slapshot by Jonathan Ericsson.
13:42 of 1st period - Goal by Jonathan Ericsson - Flyers : 1 - Jets : 1.
13:43 of 1st period - Jordan Nolan wins face-off versus Ryan Johansen in neutral zone.
14:00 of 1st period - Ryan Johansen is hit by Jordan Nolan and loses puck.
14:21 of 1st period - J.T. Miller is hit by Noel Acciari.
15:15 of 1st period - Noel Acciari is hit by Jordan Nolan and loses puck.
16:10 of 1st period - Nino Niederreiter is hit by Jakub Voracek and loses puck.
16:19 of 1st period - Jakub Voracek is hit by Marcus Johansson and loses puck.
16:51 of 1st period - Snap shot by Jeff Carter.
16:51 of 1st period - Shot Misses the Net.
17:43 of 1st period - Wrist shot by Ryan Callahan.
17:43 of 1st period - Shot Misses the Net.
17:45 of 1st period - Slapshot by Jacob Trouba.
17:45 of 1st period - Stopped by Jacob Markstrom without a rebound.
17:46 of 1st period - Derek Stepan wins face-off versus Jordan Nolan in Jets zone.
17:46 of 1st period - Derek Stepan is hit by Brian Lashoff.
17:56 of 1st period - Slapshot by Brock Nelson.
17:56 of 1st period - Shot Blocked by Dougie Hamilton.
18:19 of 1st period - Slapshot by Marco Scandella.
18:19 of 1st period - Deflect By Brian Lashoff.
18:19 of 1st period - Stopped by Ilya Sorokin with a rebound.
18:26 of 1st period - Minor Penalty to Erik Christensen for Tripping.
18:27 of 1st period - Derek Stepan wins face-off versus Matthew Lombardi in Flyers zone.
18:29 of 1st period - Snap shot by Derek Stepan.
18:29 of 1st period - Stopped by Ilya Sorokin without a rebound.
18:30 of 1st period - Matthew Lombardi wins face-off versus Derek Stepan in Flyers zone.
Goals for this period are 1 for Flyers vs 1 for Jets.
Shots for this period are 10 for Flyers vs 9 for Jets.
2nd period
0:01 of 2nd period - Ryan Johansen wins face-off versus Matthew Lombardi in neutral zone.
0:26 of 2nd period - Penalty to Erik Christensen is over, Erik Christensen is back on ice.
0:26 of 2nd period - Jordan Nolan is hit by Tyler Myers and loses puck.
0:31 of 2nd period - Snap shot by Corey Perry.
0:31 of 2nd period - Stopped by Ilya Sorokin with a rebound.
0:33 of 2nd period - Slapshot by Tyler Myers.
0:33 of 2nd period - Shot Blocked by Jordan Nolan.
0:35 of 2nd period - Slapshot by Tyler Myers.
0:35 of 2nd period - Stopped by Ilya Sorokin without a rebound.
0:36 of 2nd period - J.T. Miller wins face-off versus Ryan Johansen in Flyers zone.
0:36 of 2nd period - J.T. Miller is hit by Ryan Johansen.
1:06 of 2nd period - Off-side.
1:07 of 2nd period - Noel Acciari wins face-off versus Erik Christensen in neutral zone.
1:20 of 2nd period - Snap shot by Ronalds Kenins.
1:20 of 2nd period - Goal by Ronalds Kenins - Flyers : 1 - Jets : 2.
1:21 of 2nd period - Ryan Johansen wins face-off versus Jordan Nolan in neutral zone.
1:24 of 2nd period - Slapshot by Victor Hedman.
1:24 of 2nd period - Deflect By Corey Perry.
1:24 of 2nd period - Stopped by Ilya Sorokin with a rebound.
1:26 of 2nd period - Slapshot by Ryan Johansen.
1:26 of 2nd period - Stopped by Ilya Sorokin with a rebound.
1:28 of 2nd period - Wrist shot by Corey Perry.
1:28 of 2nd period - Stopped by Ilya Sorokin without a rebound.
1:29 of 2nd period - Jordan Nolan wins face-off versus Ryan Johansen in Flyers zone.
1:35 of 2nd period - Minor Penalty to Corey Perry for Interference.
1:36 of 2nd period - Noel Acciari wins face-off versus Jordan Nolan in Jets zone.
1:40 of 2nd period - Snap shot by Dougie Hamilton.
1:40 of 2nd period - Stopped by Ilya Sorokin without a rebound.
1:41 of 2nd period - Jordan Nolan wins face-off versus Noel Acciari in Flyers zone.
1:48 of 2nd period - Snap shot by Drew Miller.
1:48 of 2nd period - Deflect By Dougie Hamilton.
1:48 of 2nd period - Stopped by Jacob Markstrom with a rebound.
2:26 of 2nd period - Wrist shot by Jordan Nolan.
2:26 of 2nd period - Goal by Jordan Nolan - Flyers : 2 - Jets : 2.
2:27 of 2nd period - Ryan Johansen wins face-off versus Jeff Carter in neutral zone.
2:30 of 2nd period - Matt Smaby is hit by Victor Hedman and loses puck.
2:37 of 2nd period - Wrist shot by Ryan Johansen.
2:37 of 2nd period - Stopped by Ilya Sorokin without a rebound.
2:38 of 2nd period - Jordan Nolan wins face-off versus Ryan Johansen in Flyers zone.
2:49 of 2nd period - Wrist shot by Jakub Voracek.
2:49 of 2nd period - Shot Misses the Net.
3:10 of 2nd period - Slapshot by Brian Lashoff.
3:10 of 2nd period - Deflect By Marcus Kruger.
3:10 of 2nd period - Shot Blocked by Marcus Johansson.
3:10 of 2nd period - Puck is out of play.
3:11 of 2nd period - Derek Stepan wins face-off versus Jeff Carter in Jets zone.
3:23 of 2nd period - Marcus Kruger is hit by Derek Stepan and loses puck.
4:03 of 2nd period - Snap shot by Miro Aaltonen.
4:03 of 2nd period - Shot Misses the Net.
4:05 of 2nd period - Wrist shot by Erik Haula.
4:05 of 2nd period - Shot Blocked by Jonathan Ericsson.
4:23 of 2nd period - Snap shot by Erik Christensen.
4:23 of 2nd period - Stopped by Jacob Markstrom without a rebound.
4:24 of 2nd period - Ryan Johansen wins face-off versus Matthew Lombardi in Jets zone.
4:39 of 2nd period - Snap shot by Matthew Lombardi.
4:39 of 2nd period - Stopped by Jacob Markstrom with a rebound.
4:51 of 2nd period - Brock Nelson is hit by Marcus Johansson and loses puck.
5:53 of 2nd period - Snap shot by Chris Mcallister.
5:53 of 2nd period - Stopped by Jacob Markstrom without a rebound.
5:54 of 2nd period - Matthew Lombardi wins face-off versus Ryan Johansen in Jets zone.
5:59 of 2nd period - Snap shot by Matthew Lombardi.
5:59 of 2nd period - Shot Blocked by Victor Hedman.
6:01 of 2nd period - Slapshot by Jacob Trouba.
6:01 of 2nd period - Stopped by Jacob Markstrom without a rebound.
6:02 of 2nd period - Jakub Voracek wins face-off versus Ryan Johansen in Jets zone.
6:14 of 2nd period - Slapshot by Jakub Voracek.
6:14 of 2nd period - Stopped by Jacob Markstrom with a rebound.
6:16 of 2nd period - Slapshot by Jeff Woywitka.
6:16 of 2nd period - Shot Misses the Net.
6:28 of 2nd period - Tyler Myers is hit by Niclas Bergfors and loses puck.
6:35 of 2nd period - Wrist shot by Ryan Johansen.
6:35 of 2nd period - Deflect By Corey Perry.
6:35 of 2nd period - Shot Misses the Net.
6:35 of 2nd period - Puck is out of play.
6:36 of 2nd period - Derek Stepan wins face-off versus Jeff Carter in Flyers zone.
6:45 of 2nd period - Marcus Kruger is hit by Derek Stepan and loses puck.
7:02 of 2nd period - Marcus Johansson is hit by Niclas Bergfors and loses puck.
7:15 of 2nd period - Snap shot by Drew Miller.
7:15 of 2nd period - Stopped by Jacob Markstrom without a rebound.
7:16 of 2nd period - Jordan Nolan wins face-off versus Ryan Johansen in Jets zone.
7:27 of 2nd period - Wrist shot by Jakub Voracek.
7:27 of 2nd period - Shot Misses the Net.
7:29 of 2nd period - Snap shot by Brock Nelson.
7:29 of 2nd period - Shot Misses the Net.
7:31 of 2nd period - Slapshot by Jacob Trouba.
7:31 of 2nd period - Deflect By Brock Nelson.
7:31 of 2nd period - Stopped by Jacob Markstrom with a rebound.
7:33 of 2nd period - Wrist shot by Jakub Voracek.
7:33 of 2nd period - Deflect By Robert Hagg.
7:33 of 2nd period - Shot Blocked by Marco Scandella.
7:33 of 2nd period - Puck is out of play.
7:34 of 2nd period - Jeff Carter wins face-off versus Noel Acciari in Jets zone.
7:46 of 2nd period - Slapshot by Jeff Carter.
7:46 of 2nd period - Shot Blocked by Victor Hedman.
8:25 of 2nd period - Erik Haula is hit by Niclas Bergfors and loses puck.
8:40 of 2nd period - Wrist shot by Chris Mcallister.
8:40 of 2nd period - Stopped by Jacob Markstrom without a rebound.
8:41 of 2nd period - Derek Stepan wins face-off versus Matthew Lombardi in Jets zone.
8:49 of 2nd period - Off-side.
8:50 of 2nd period - Jeff Carter wins face-off versus Ryan Johansen in neutral zone.
8:57 of 2nd period - Slapshot by J.T. Miller.
8:57 of 2nd period - Stopped by Jacob Markstrom with a rebound.
9:01 of 2nd period - Wrist shot by J.T. Miller.
9:01 of 2nd period - Stopped by Jacob Markstrom without a rebound.
9:02 of 2nd period - Ryan Johansen wins face-off versus Jeff Carter in Jets zone.
10:43 of 2nd period - Wrist shot by J.T. Miller.
10:43 of 2nd period - Deflect By Dougie Hamilton.
10:43 of 2nd period - Stopped by Jacob Markstrom with a rebound.
11:55 of 2nd period - Snap shot by Marcus Kruger.
11:55 of 2nd period - Stopped by Jacob Markstrom with a rebound.
12:18 of 2nd period - Snap shot by Nino Niederreiter.
12:18 of 2nd period - Shot Misses the Net.
12:26 of 2nd period - Wrist shot by Jordan Nolan.
12:26 of 2nd period - Goal by Jordan Nolan - Flyers : 3 - Jets : 2.
12:27 of 2nd period - Jeff Carter wins face-off versus Ryan Johansen in neutral zone.
12:38 of 2nd period - Snap shot by Jeff Carter.
12:38 of 2nd period - Shot Misses the Net.
12:40 of 2nd period - Slapshot by Matt Smaby.
12:40 of 2nd period - Shot Blocked by Ryan Johansen.
12:42 of 2nd period - Snap shot by Brian Lashoff.
12:42 of 2nd period - Stopped by Jacob Markstrom with a rebound.
13:07 of 2nd period - Minor Penalty to Jordan Nolan for Hooking.
13:08 of 2nd period - Erik Christensen wins face-off versus Nino Niederreiter in Flyers zone.
13:08 of 2nd period - Erik Christensen is hit by Marcus Johansson.
13:41 of 2nd period - Slapshot by Dougie Hamilton.
13:41 of 2nd period - Shot Blocked by Drew Miller.
13:43 of 2nd period - Slapshot by Dougie Hamilton.
13:43 of 2nd period - Shot Blocked by Nathan Beaulieu.
13:45 of 2nd period - Snap shot by Adam Henrique.
13:45 of 2nd period - Goal by Adam Henrique - Flyers : 3 - Jets : 3.
13:46 of 2nd period - Jeff Carter wins face-off versus Ryan Johansen in neutral zone.
13:52 of 2nd period - Minor Penalty to Corey Perry for Tripping.
13:53 of 2nd period - Noel Acciari wins face-off versus Jeff Carter in Jets zone.
14:03 of 2nd period - Snap shot by Marcus Kruger.
14:03 of 2nd period - Stopped by Jacob Markstrom without a rebound.
14:04 of 2nd period - Jordan Nolan wins face-off versus Noel Acciari in Jets zone.
14:09 of 2nd period - Wrist shot by Jordan Nolan.
14:09 of 2nd period - Shot Blocked by Dougie Hamilton.
15:24 of 2nd period - J.T. Miller is hit by Tyler Myers and loses puck.
15:49 of 2nd period - Marco Scandella is hit by Drew Miller and loses puck.
15:52 of 2nd period - Penalty to Corey Perry is over, Corey Perry is back on ice.
16:10 of 2nd period - Victor Hedman is hit by Ryan Callahan and loses puck.
16:37 of 2nd period - Marco Scandella is hit by J.T. Miller and loses puck.
17:39 of 2nd period - Wrist shot by Miro Aaltonen.
17:39 of 2nd period - Shot Misses the Net.
17:41 of 2nd period - Wrist shot by Ronalds Kenins.
17:41 of 2nd period - Shot Blocked by Nathan Beaulieu.
18:01 of 2nd period - Matthew Lombardi is hit by Ryan Johansen and loses puck.
19:06 of 2nd period - Victor Hedman is hit by Brian Lashoff and loses puck.
19:45 of 2nd period - Snap shot by Jonathan Ericsson.
19:45 of 2nd period - Shot Misses the Net.
19:47 of 2nd period - Snap shot by Chris Mcallister.
19:47 of 2nd period - Shot Blocked by Marco Scandella.
Goals for this period are 2 for Flyers vs 2 for Jets.
Shots for this period are 17 for Flyers vs 9 for Jets.
3rd period
0:01 of 3rd period - Ryan Johansen wins face-off versus Jeff Carter in neutral zone.
0:16 of 3rd period - Snap shot by Corey Perry.
0:16 of 3rd period - Shot Misses the Net.
0:28 of 3rd period - Snap shot by Ronalds Kenins.
0:28 of 3rd period - Stopped by Ilya Sorokin with a rebound.
0:30 of 3rd period - Snap shot by Marco Scandella.
0:30 of 3rd period - Deflect By Nino Niederreiter.
0:30 of 3rd period - Stopped by Ilya Sorokin with a rebound.
0:32 of 3rd period - Slapshot by Robert Hagg.
0:32 of 3rd period - Stopped by Ilya Sorokin with a rebound.
0:54 of 3rd period - Wrist shot by Jeff Carter.
0:54 of 3rd period - Stopped by Jacob Markstrom with a rebound.
1:14 of 3rd period - Slapshot by Adam Henrique.
1:14 of 3rd period - Deflect By Corey Perry.
1:14 of 3rd period - Stopped by Ilya Sorokin with a rebound.
1:16 of 3rd period - Slapshot by Ryan Johansen.
1:16 of 3rd period - Shot Blocked by Jeff Woywitka.
2:40 of 3rd period - Erik Haula is hit by Niclas Bergfors and loses puck.
2:47 of 3rd period - Minor Penalty to Erik Haula for Hooking.
2:48 of 3rd period - Jordan Nolan wins face-off versus Noel Acciari in Jets zone.
2:49 of 3rd period - Wrist shot by Drew Miller.
2:49 of 3rd period - Shot Misses the Net.
2:51 of 3rd period - Slapshot by Jacob Trouba.
2:51 of 3rd period - Shot Misses the Net.
3:02 of 3rd period - Snap shot by Noel Acciari.
3:02 of 3rd period - Stopped by Ilya Sorokin with a rebound.
3:04 of 3rd period - Wrist shot by Ronalds Kenins.
3:04 of 3rd period - Shot Misses the Net.
3:14 of 3rd period - Noel Acciari is hit by Jeff Carter and loses puck.
4:36 of 3rd period - Slapshot by Jonathan Ericsson.
4:36 of 3rd period - Deflect By Chris Mcallister.
4:36 of 3rd period - Shot Misses the Net.
4:36 of 3rd period - Puck is out of play.
4:37 of 3rd period - Noel Acciari wins face-off versus Erik Christensen in Jets zone.
4:47 of 3rd period - Penalty to Erik Haula is over, Erik Haula is back on ice.
5:38 of 3rd period - Snap shot by Adam Henrique.
5:38 of 3rd period - Shot Misses the Net.
6:52 of 3rd period - Vince Hinostroza is hit by Jeff Carter and loses puck.
7:03 of 3rd period - Minor Penalty to Jeff Carter for Roughing.
7:04 of 3rd period - Derek Stepan wins face-off versus Jordan Nolan in Flyers zone.
8:08 of 3rd period - Snap shot by Derek Stepan.
8:08 of 3rd period - Stopped by Ilya Sorokin without a rebound.
8:09 of 3rd period - Jordan Nolan wins face-off versus Ryan Johansen in Flyers zone.
8:28 of 3rd period - Brian Lashoff is hit by Nino Niederreiter and loses puck.
9:03 of 3rd period - Penalty to Jeff Carter is over, Jeff Carter is back on ice.
9:15 of 3rd period - Jeff Carter is hit by Miro Aaltonen and loses puck.
10:01 of 3rd period - Snap shot by Ryan Callahan.
10:01 of 3rd period - Deflect By Chris Mcallister.
10:01 of 3rd period - Stopped by Jacob Markstrom with a rebound.
10:17 of 3rd period - Icing by Noel Acciari.
10:18 of 3rd period - Erik Christensen wins face-off versus Ronalds Kenins in Jets zone.
10:19 of 3rd period - Snap shot by Niclas Bergfors.
10:19 of 3rd period - Stopped by Jacob Markstrom without a rebound.
10:20 of 3rd period - Ryan Johansen wins face-off versus Erik Christensen in Jets zone.
10:20 of 3rd period - Ryan Johansen is hit by Niclas Bergfors.
10:26 of 3rd period - Drew Miller is hit by Corey Perry and loses puck.
11:38 of 3rd period - Matthew Lombardi is hit by Ryan Johansen and loses puck.
12:13 of 3rd period - Robert Hagg is hit by Brock Nelson.
12:29 of 3rd period - Marcus Kruger is hit by Marco Scandella and loses puck.
13:19 of 3rd period - Off-side.
13:20 of 3rd period - Jordan Nolan wins face-off versus Noel Acciari in neutral zone.
13:27 of 3rd period - Wrist shot by Nino Niederreiter.
13:27 of 3rd period - Shot Misses the Net.
13:29 of 3rd period - Slapshot by Nino Niederreiter.
13:29 of 3rd period - Stopped by Ilya Sorokin without a rebound.
13:30 of 3rd period - Ryan Johansen wins face-off versus Brock Nelson in Flyers zone.
13:37 of 3rd period - Snap shot by Ryan Johansen.
13:37 of 3rd period - Stopped by Ilya Sorokin with a rebound.
13:39 of 3rd period - Slapshot by Victor Hedman.
13:39 of 3rd period - Stopped by Ilya Sorokin without a rebound.
13:40 of 3rd period - Ryan Johansen wins face-off versus Jordan Nolan in Flyers zone.
13:47 of 3rd period - Slapshot by Corey Perry.
13:47 of 3rd period - Stopped by Ilya Sorokin with a rebound.
13:49 of 3rd period - Slapshot by Tyler Myers.
13:49 of 3rd period - Shot Blocked by Jakub Voracek.
13:51 of 3rd period - Slapshot by Corey Perry.
13:51 of 3rd period - Shot Misses the Net.
14:07 of 3rd period - Snap shot by Ryan Johansen.
14:07 of 3rd period - Shot Misses the Net.
14:09 of 3rd period - Snap shot by Victor Hedman.
14:09 of 3rd period - Shot Blocked by Jonathan Ericsson.
14:11 of 3rd period - Slapshot by Ryan Johansen.
14:11 of 3rd period - Stopped by Ilya Sorokin with a rebound.
14:13 of 3rd period - Slapshot by Corey Perry.
14:13 of 3rd period - Shot Blocked by Jakub Voracek.
14:45 of 3rd period - Minor Penalty to Jonathan Ericsson for Tripping.
14:46 of 3rd period - Noel Acciari wins face-off versus Matthew Lombardi in Flyers zone.
16:45 of 3rd period - Penalty to Jonathan Ericsson is over, Jonathan Ericsson is back on ice.
17:23 of 3rd period - Marcus Kruger is hit by Corey Perry and loses puck.
17:46 of 3rd period - Snap shot by Jakub Voracek.
17:46 of 3rd period - Stopped by Jacob Markstrom without a rebound.
17:47 of 3rd period - Erik Christensen wins face-off versus Derek Stepan in Jets zone.
17:51 of 3rd period - Minor Penalty to Derek Stepan for Hooking.
17:52 of 3rd period - Ronalds Kenins wins face-off versus Jeff Carter in Jets zone.
18:17 of 3rd period - Tyler Myers is hit by Jordan Nolan and loses puck.
19:16 of 3rd period - Slapshot by Jacob Trouba.
19:16 of 3rd period - Goal by Jacob Trouba - Flyers : 4 - Jets : 3.
19:17 of 3rd period - Ryan Johansen wins face-off versus Niclas Bergfors in neutral zone.
19:32 of 3rd period - Slapshot by Niclas Bergfors.
19:32 of 3rd period - Goal by Niclas Bergfors - Flyers : 5 - Jets : 3.
19:33 of 3rd period - Noel Acciari wins face-off versus Erik Christensen in neutral zone.
19:40 of 3rd period - Snap shot by Nino Niederreiter.
19:40 of 3rd period - Stopped by Ilya Sorokin with a rebound.
Goals for this period are 2 for Flyers vs 0 for Jets.
Shots for this period are 6 for Flyers vs 12 for Jets.